 Dungeon Crawl Stone Soup version 0.31.0-32-g396128a36d (webtiles) character file.

Game seed: 5894102708276063231

22 FexLirch the Chopper (level 2, -2/21 HPs)
             Began as an Octopode Fighter on Mar 17, 2024.
             Shot with a sling bullet by a goblin (5 damage)
             ... led by Robin
             ... on level 2 of the Dungeon.
             The game lasted 00:00:57 (935 turns).

FexLirch the Chopper (Octopode Fighter)              Turns: 935, Time: 00:00:58

Health: -2/21      AC:  1    Str: 15    XL:     2   Next: 91%
Magic:  2/2        EV: 13    Int: 10    God:
Gold:   49         SH:  4    Dex: 11    Spells: 1/1 levels left

rFire   . . .        a - +0 war axe
rCold   . . .        b - +0 buckler
rNeg    . . .        (helmet restricted)
rPois   .            (no amulet)
rElec   .            (no ring)
rCorr   .            (no ring)
SInv    .            (no ring)
Will    .....        (no ring)
Stlth   ++           (no ring)
HPRegen 0.23/turn    (no ring)
MPRegen 0.08/turn    (no ring)
                     (no ring)

%: no passive effects
@: no status effects
A: almost no armour, amphibious, 8 rings, camouflage 1, gelatinous body 1,
(nimble swimmer 1), tentacles
a: no special abilities


You were on level 2 of the Dungeon.
You visited 1 branch of the dungeon, and saw 2 of its levels.

You collected 49 gold pieces.

Inventory:

Hand Weapons
 a - a +0 war axe (weapon)
Armour
 b - a +0 buckler (worn)
Magical Staves
 h - a staff of air
Jewellery
 d - a ring of fire
Scrolls
 e - a scroll of identify {unknown}
 f - a scroll of acquirement {unknown}
 g - a scroll of poison {unknown}
 j - 2 scrolls of fog {unknown}
 k - a scroll of blinking {unknown}
Potions
 c - a potion of might
 i - a potion of ambrosia {unknown}


   Skills:
 - Level 3.0 Fighting
 + Level 3.3 Axes
 - Level 3.0 Dodging
 - Level 3.0 Shields


You had one spell level left.
You didn't know any spells.
Your spell library contained the following spells:

 Spells                   Type           Power      Damage    Failure   Level
 Cigotuvi's Dreadful Rot  Necr/Alch/Air  0%         N/A       58%         2
 Dispel Undead            Necr           0%         3d6       99%         4
 Martyr's Knell           Necr/Summ      0%         N/A       99%         4
 Death Channel            Necr           0%         N/A       100%        6


Dungeon Overview and Level Annotations

Branches:
Dungeon (2/15)

Altars:

Annotations:
D:2 Robin


Innate Abilities, Weirdness & Mutations

You cannot wear most types of armour.
You are amphibious.
You can wear up to eight rings at the same time.
Your skin changes colour to match your surroundings (Stealth+).
Your rubbery body absorbs attacks. (AC +1, EV +1)
((You are camouflaged when in or above water. (Stealth+)))
You have tentacles for arms and can constrict up to eight enemies at once.


Message History

You kill the hobgoblin!
You closely miss the goblin.
You feel sick. The goblin misses you. x2
You block the goblin's attack.
You slash the goblin!
You kill the goblin!
You barely miss the goblin.
You feel sick. The goblin hits you but does no damage.
You barely miss the goblin. You grab the goblin. You squeeze the goblin.
The goblin is severely wounded.
You slash the goblin!
You kill the goblin!
You constrict the goblin.
You kill the goblin!
You feel sick.
The goblin unwields a +0 club.
The goblin wields a +0 sling.
The goblin shoots a sling bullet.
The sling bullet closely misses you. Robin throws the goblin at you!
You block the goblin's attack. The goblin barely misses you.
The goblin misses you. x2
You miss the goblin. You grab the goblin. You squeeze the goblin.
You kill the goblin!
You closely miss the goblin. You barely miss the goblin.
You feel sick.
You are no longer poisoned.
The goblin misses you.
Found 14 gold pieces.
Robin barely misses you.
The goblin shoots a sling bullet.
You block the sling bullet.
Items here: )))) ††.
You closely miss Robin. You grab Robin. You closely miss the goblin.
You miss the goblin. You constrict Robin. The goblin hits you with a +0 dagger.
* * * LOW HITPOINT WARNING * * *
The goblin closely misses you.
The goblin shoots a sling bullet.
The sling bullet hits you.
* * * LOW HITPOINT WARNING * * *
You completely miss Robin.
Robin is lightly wounded.
You hit the goblin. x2
You kill the goblin!
You constrict Robin. Robin hits you with a +0 spear.
* * * LOW HITPOINT WARNING * * *
The goblin closely misses you.
The goblin shoots a sling bullet.
The sling bullet hits you.
You die...

$..# ..$# ...# ##...#
#>...# #..?.# #gg..##
#@)g..# #.. ... #
#)###.# #.###..# #.#$#
#.###.#....##.
#...###...#.........
#.#.................
#.#.#.##..#........
###.#.#.##..#....#
................##.###
###.#.#..#.#..........


You could see Robin and 2 goblins.

Vanquished Creatures
  2 ball pythons (D:1)
  A bat (D:1)
  An endoplasm (D:1)
  3 hobgoblins
  A kobold (D:1)
  A quokka (D:1)
  A frilled lizard (D:1)
  9 goblins
  A rat (D:1)
20 creatures vanquished.

Notes
Turn   | Place    | Note
-------+----------+-------------------------------------------
     0 | D:1      | FexLirch the Octopode Fighter began the quest for the Orb.
     0 | D:1      | Reached XP level 1. HP: 16/16 MP: 1/1
   274 | D:1      | Reached XP level 2. HP: 20/21 MP: 2/2
   924 | D:2      | Noticed Robin
   935 | D:2      | Shot with a sling bullet by a goblin

Illustrated notes

Levels and vault maps discovered:
D:1:      evilmike_arrival_plus, layout_loops_corners
D:2:      layout_basic, nrook_loot_triangle, uniq_jessica, uniq_robin

Skill      XL: |  1  2 |
---------------+-------+-----
Axes           | 3 |  3.3
Fighting       | |  3.0
Dodging        | |  3.0
Shields        | |  3.0

Action                     || total
---------------------------++-------
  Melee: War axe           ||    24
         Constrict         ||     7
         Tentacles         ||     5
   Stab: Sleeping          ||     4
 Armour: Skin              ||    11
  Dodge: Dodged            ||    20
  Block: Buckler           ||     5
